General information
- name: BNet
- type: Ladder team game (AT/RT)
- host: Battle.net
- saver: AugmentedVision
map: Cherryville
- players: 8
- length: 13:45
- speed: Fast
- version: 1.26 W3XP
- replay type: Public
» download(121 KB)
Players
team 1 (winner)

»
fuk_it (
red | 114 APM | 1563 actions | 13:45)
5 Goblin Tinker
2 Pocket Factory
2 Engineering Upgrade
1 Cluster Rockets
» actions
| Assign group hotkey | 448 | |
| Basic commands | 48 | |
| Build / train | 53 | |
| Enter build submenu | 17 | |
| Enter hero's abilities submenu | 5 | |
| Give item / drop item | 8 | |
| Right click | 419 | |
| Select / deselect | 163 | |
| Select group hotkey | 318 | |
| Use ability | 84 | |
1563 total
» units
| Acolyte | 9 | |
| Ghoul | 8 | |
| Kobold Geomancer | 1 | |
| Necromancer | 3 | |
| Meatwagon | 5 | |
| Obsidian Statue | 1 | |
| Goblin Sapper | 3 | |
30 total
» upgrades
| Unholy Strength | 3 | |
| Necromancer Training | 2 | |
| Skeletal Mastery | 1 | |
| Exhume Corpses | 1 | |
7 total
» buildings
| Ziggurat | 9 | |
| Crypt | 1 | |
| Altar of Darkness | 1 | |
| Tomb of Relics | 1 | |
| Halls of the Dead | 3 | |
| Graveyard | 1 | |
| Black Citadel | 1 | |
| Temple of the Damned | 2 | |
| Slaughterhouse | 3 | |
22 total
» build order
00:10 Ziggurat
00:52 Crypt
00:59 Altar of Darkness
01:04 Ziggurat
01:35 Tomb of Relics
03:15 Halls of the Dead
03:15 Halls of the Dead
03:15 Halls of the Dead
03:41 Graveyard
05:23 Ziggurat
05:41 Black Citadel
06:03 Temple of the Damned
06:05 Temple of the Damned
06:08 Slaughterhouse
06:09 Slaughterhouse
06:11 Slaughterhouse
06:40 Ziggurat
06:45 Ziggurat
09:49 Ziggurat
10:12 Ziggurat
10:14 Ziggurat
10:21 Ziggurat
» items
| Rod of Necromancy | 2 | |
| Orb of Corruption | 1 | |
| Potion of Healing | 1 | |
4 total
MeetTheSmurfs (
purple | 144 APM | 1978 actions | 13:45)
3 Archmage
2 Summon Water Elemental
1 Brilliance Aura
» actions
| Assign group hotkey | 116 | |
| Basic commands | 235 | |
| Build / train | 66 | |
| ESC pressed | 10 | |
| Enter build submenu | 30 | |
| Enter hero's abilities submenu | 4 | |
| Right click | 671 | |
| Select / deselect | 311 | |
| Select group hotkey | 446 | |
| Use ability | 89 | |
1978 total
» units
» upgrades
| Masonry | 1 | |
| Lumber Harvesting | 1 | |
| Swords | 1 | |
| Plating | 1 | |
4 total
» buildings
| Barracks | 1 | |
| Farm | 4 | |
| Altar of Kings | 1 | |
| Scout Tower | 21 | |
| Arcane Tower | 1 | |
| Lumber Mill | 2 | |
| Arcane Vault | 2 | |
| Guard Tower | 5 | |
| Town Hall | 3 | |
| Keep | 2 | |
| Blacksmith | 2 | |
| Castle | 3 | |
47 total
» build order
00:25 Barracks
00:35 Farm
00:50 Altar of Kings
01:14 Farm
01:36 Farm
01:57 Scout Tower
02:22 Farm
02:57 Arcane Tower
04:05 Lumber Mill
04:31 Arcane Vault
04:50 Scout Tower
04:50 Scout Tower
05:49 Scout Tower
05:50 Scout Tower
05:51 Scout Tower
05:53 Scout Tower
05:53 Scout Tower
06:01 Scout Tower
06:04 Guard Tower
06:04 Guard Tower
06:17 Guard Tower
06:36 Town Hall
06:39 Guard Tower
06:40 Guard Tower
08:22 Town Hall
08:24 Scout Tower
08:24 Scout Tower
08:25 Scout Tower
08:26 Scout Tower
08:26 Scout Tower
08:27 Scout Tower
08:59 Keep
09:04 Scout Tower
09:06 Scout Tower
10:08 Lumber Mill
10:33 Arcane Vault
10:38 Blacksmith
10:38 Blacksmith
12:09 Castle
12:09 Castle
13:19 Town Hall
13:23 Scout Tower
13:23 Scout Tower
13:24 Scout Tower
13:25 Scout Tower
» items
| Lesser Clarity Potion | 3 | |
| Scroll of Regeneration | 2 | |
| Scroll of Town Portal | 1 | |
6 total
Glycine. (
yellow | 125 APM | 1715 actions | 13:45)
4 Blademaster
2 Wind Walk
2 Critical Strike
2 Shadow Hunter
1 Hex
1 Healing Wave
1 Tauren Chieftain
1 War Stomp
» actions
| Assign group hotkey | 384 | |
| Basic commands | 7 | |
| Build / train | 43 | |
| Enter build submenu | 12 | |
| Enter hero's abilities submenu | 7 | |
| Give item / drop item | 3 | |
| Right click | 729 | |
| Select / deselect | 195 | |
| Select group hotkey | 240 | |
| Use ability | 95 | |
1715 total
» units
| Peon | 8 | |
| Grunt | 3 | |
| Raider | 3 | |
| Wind Rider | 2 | |
16 total
» upgrades
» buildings
| Altar of Storms | 1 | |
| Orc Burrow | 6 | |
| Barracks | 1 | |
| Voodoo Lounge | 1 | |
| Stronghold | 2 | |
| Beastiary | 2 | |
| War Mill | 1 | |
| Fortress | 2 | |
16 total
» build order
00:06 Altar of Storms
00:10 Orc Burrow
00:30 Barracks
01:37 Orc Burrow
02:24 Voodoo Lounge
03:10 Stronghold
04:01 Orc Burrow
04:05 Orc Burrow
05:37 Beastiary
05:38 Beastiary
08:53 War Mill
09:32 Fortress
09:33 Fortress
10:09 Orc Burrow
12:28 Orc Burrow
» items
| Circlet of Nobility | 2 | |
| Scroll of Regeneration | 2 | |
| Lesser Clarity Potion | 2 | |
| Boots of Speed | 1 | |
| Healing Salve | 2 | |
| Scroll of Town Portal | 2 | |
11 total

»
ishot2pac (
blue | 34 APM | 466 actions | 13:45)
2 Death Knight
1 Death Coil
1 Unholy Aura
1 Lich
1 Frost Nova
» actions
| Assign group hotkey | 17 | |
| Basic commands | 2 | |
| Build / train | 38 | |
| Enter build submenu | 9 | |
| Enter hero's abilities submenu | 3 | |
| Right click | 131 | |
| Select / deselect | 113 | |
| Select group hotkey | 124 | |
| Use ability | 29 | |
466 total
» units
| Acolyte | 4 | |
| Crypt Fiend | 6 | |
| Ghoul | 4 | |
| Gargoyle | 1 | |
15 total
» upgrades
| Creature Attack | 1 | |
| Creature Carapace | 1 | |
| Web | 1 | |
| Burrow | 1 | |
4 total
» buildings
| Graveyard | 1 | |
| Altar of Darkness | 1 | |
| Ziggurat | 4 | |
| Tomb of Relics | 1 | |
| Crypt | 2 | |
| Spirit Tower | 3 | |
| Halls of the Dead | 1 | |
| Nerubian Tower | 1 | |
14 total
» build order
00:13 Graveyard
00:20 Altar of Darkness
00:51 Ziggurat
01:02 Tomb of Relics
01:33 Crypt
02:11 Ziggurat
02:13 Spirit Tower
03:07 Spirit Tower
05:55 Halls of the Dead
07:03 Crypt
07:10 Ziggurat
07:12 Ziggurat
09:45 Spirit Tower
09:46 Nerubian Tower
» items
| Rod of Necromancy | 2 | |
| Scroll of Regeneration | 1 | |
| Sacrificial Skull | 1 | |
| Potion of Healing | 1 | |
| Dust of Appearance | 1 | |
| Potion of Lesser Invulnerability | 1 | |
| Scroll of Healing | 1 | |
| Scroll of Protection | 1 | |
9 total
team 2 (loser)
mynoob (
orange | 12 APM | 169 actions | 13:45)
» actions
| Assign group hotkey | 2 | |
| Basic commands | 2 | |
| Build / train | 19 | |
| Enter build submenu | 6 | |
| Right click | 70 | |
| Select / deselect | 41 | |
| Select group hotkey | 13 | |
| Use ability | 16 | |
169 total
» units
» buildings
| Farm | 3 | |
| Blacksmith | 1 | |
| Barracks | 1 | |
| Keep | 2 | |
| Altar of Kings | 1 | |
8 total
» build order
00:58 Farm
01:31 Blacksmith
01:51 Barracks
02:08 Keep
02:25 Altar of Kings
03:27 Farm
03:39 Farm
AugmentedVision (
pink | 70 APM | 966 actions | 13:45)
2 Pandaren Brewmaster
1 Breath of Fire
1 Drunken Haze
2 Pit Lord
1 Howl of Terror
1 Cleaving Attack
» actions
| Assign group hotkey | 17 | |
| Basic commands | 82 | |
| Build / train | 47 | |
| ESC pressed | 4 | |
| Enter build submenu | 12 | |
| Enter hero's abilities submenu | 4 | |
| Give item / drop item | 2 | |
| Right click | 342 | |
| Select / deselect | 208 | |
| Select group hotkey | 207 | |
| Use ability | 41 | |
966 total
» units
| Wisp | 13 | |
| Archer | 2 | |
| Huntress | 5 | |
| Druid of the Talon | 3 | |
| Hippogryph | 3 | |
26 total
» upgrades
| Druid of the Talon Training | 3 | |
| Well Spring | 1 | |
| Strength of the Wild | 1 | |
| Reinforced Hides | 1 | |
6 total
» buildings
| Altar of Elders | 1 | |
| Moon Well | 4 | |
| Ancient of War | 1 | |
| Hunter's Hall | 1 | |
| Ancient of Wonders | 1 | |
| Tree of Ages | 1 | |
| Ancient of Wind | 3 | |
| Tree of Eternity | 1 | |
13 total
» build order
00:07 Altar of Elders
00:12 Moon Well
00:33 Ancient of War
02:33 Hunter's Hall
03:46 Ancient of Wonders
03:53 Moon Well
05:01 Tree of Ages
05:05 Moon Well
07:58 Ancient of Wind
08:02 Ancient of Wind
08:19 Ancient of Wind
08:56 Tree of Eternity
12:14 Moon Well
» items
| Dust of Appearance | 1 | |
| Potion of Healing | 2 | |
| Scroll of Town Portal | 1 | |
| Staff of Preservation | 1 | |
5 total

»
HalfusWyrm (
green | 45 APM | 612 actions | 13:35)
4 Pandaren Brewmaster
2 Breath of Fire
2 Drunken Haze
» actions
| Assign group hotkey | 103 | |
| Basic commands | 42 | |
| Build / train | 49 | |
| ESC pressed | 1 | |
| Enter build submenu | 17 | |
| Enter hero's abilities submenu | 4 | |
| Right click | 98 | |
| Select / deselect | 113 | |
| Select group hotkey | 132 | |
| Use ability | 53 | |
612 total
» units
| Wisp | 16 | |
| Archer | 10 | |
| Hippogryph | 3 | |
29 total
» upgrades
| Ultravision | 1 | |
| Druid of the Talon Training | 1 | |
| Strength of the Moon | 1 | |
| Improved Bows | 1 | |
| Hippogryph Taming | 1 | |
| Marksmanship | 1 | |
| Moon Armor | 1 | |
7 total
» buildings
| Altar of Elders | 1 | |
| Moon Well | 5 | |
| Ancient of War | 1 | |
| Ancient of Wonders | 1 | |
| Tree of Ages | 1 | |
| Hunter's Hall | 1 | |
| Tree of Life | 3 | |
| Ancient of Wind | 3 | |
| Tree of Eternity | 1 | |
17 total
» build order
00:23 Altar of Elders
00:39 Moon Well
00:49 Ancient of War
02:02 Moon Well
02:13 Ancient of Wonders
03:18 Moon Well
03:19 Moon Well
03:24 Moon Well
04:36 Tree of Ages
05:13 Hunter's Hall
06:36 Tree of Life
07:23 Ancient of Wind
08:09 Tree of Eternity
08:40 Ancient of Wind
08:42 Ancient of Wind
09:01 Tree of Life
13:24 Tree of Life
» items
| Moonstone | 1 | |
| Lesser Clarity Potion | 2 | |
| Dust of Appearance | 1 | |
| Potion of Healing | 1 | |
| Orb of Venom | 1 | |
6 total
fallenfury (
teal | 62 APM | 844 actions | 13:40)
4 Blademaster
2 Wind Walk
2 Critical Strike
3 Shadow Hunter
1 Hex
2 Healing Wave
» actions
| Basic commands | 148 | |
| Build / train | 59 | |
| Enter build submenu | 15 | |
| Enter hero's abilities submenu | 7 | |
| Give item / drop item | 6 | |
| Right click | 289 | |
| Select / deselect | 264 | |
| Use ability | 56 | |
844 total
» units
» upgrades
| Berserker Strength | 1 | |
| Shaman Training | 2 | |
| Armor | 1 | |
| Melee Weapons | 1 | |
| Reinforced Defenses | 1 | |
6 total
» buildings
| Altar of Storms | 1 | |
| Orc Burrow | 8 | |
| Barracks | 1 | |
| Voodoo Lounge | 1 | |
| Great Hall | 1 | |
| Stronghold | 1 | |
| War Mill | 1 | |
| Spirit Lodge | 2 | |
| Fortress | 1 | |
17 total
» build order
00:07 Altar of Storms
00:18 Orc Burrow
00:50 Barracks
01:28 Orc Burrow
01:42 Voodoo Lounge
03:46 Great Hall
04:17 Orc Burrow
04:43 Stronghold
05:07 War Mill
06:05 Orc Burrow
06:38 Orc Burrow
07:34 Spirit Lodge
09:02 Fortress
11:37 Orc Burrow
11:38 Orc Burrow
11:45 Orc Burrow
11:47 Spirit Lodge
» items
| Healing Salve | 4 | |
| Scroll of Speed | 1 | |
| Lesser Clarity Potion | 3 | |
| Orb of Lightning | 1 | |
| Potion of Healing | 1 | |
10 total
Chat log
(00:08 / All) HalfusWyrm: THIS IS SO NOT FAIR
(00:13 / All) fuk_it: ?
(00:17 / All) AugmentedVision: lol
(00:18 / All) MeetTheSmurfs: Read my name.
(00:28 / All) AugmentedVision: OH I JUST GOT THAT
(00:29 / All) AugmentedVision: FUCK
(00:31 / All) AugmentedVision: LOL
(00:37 / All) MeetTheSmurfs: You dumbass. :P
(00:39 / All) AugmentedVision: yeah
(00:40 / All) AugmentedVision: wow
(00:41 / All) AugmentedVision: sigh
(01:03 / All) Glycine.: I'm going Blademaster.
(01:08 / All) MeetTheSmurfs: hunts
(01:09 / All) MeetTheSmurfs: fiends
(01:10 / All) fuk_it: me too
(01:11 / All) HalfusWyrm: Im going Firelord
(01:11 / All) MeetTheSmurfs: mortar here
(01:20 / All) fuk_it: LMAO FIRELOR!!!!!
(01:22 / All) fuk_it: LMAO
(01:31 / All) AugmentedVision: Fire lord
(01:32 / All) AugmentedVision: is good hero
(01:37 / All) fuk_it: garbage
(01:39 / All) HalfusWyrm: stfu 31-28
(01:42 / All) MeetTheSmurfs: It's good against T and Z.
(01:44 / All) MeetTheSmurfs: Not P, though.
(01:44 / All) Glycine.: dude a firelord is the boss in wow
(01:48 / All) fuk_it: dude im an 80% player
(01:54 / All) fuk_it: i stab most games
(02:01 / All) fuk_it: read my name
(02:30 / All) MeetTheSmurfs: Really, orange?
(02:44 / All) AugmentedVision: what he do
(02:45 / All) HalfusWyrm: orange noob for no tower
(02:54 / All) MeetTheSmurfs: He teched before he got his altar.
(02:57 / All) AugmentedVision: oh lol
(03:00 / All) Glycine.: why even build a rax if its balls to the walls tech
(03:06 / All) Glycine.: go big or go home
(03:12 / All) AugmentedVision: "cuz that way i have units noob
(03:13 / All) AugmentedVision: :
(03:17 / All) MeetTheSmurfs: lol
(03:28 / All) MeetTheSmurfs: Let's play another game after this.
(03:30 / All) MeetTheSmurfs: Killing orange,.
(03:59 / Allies) mynoob: nobodys going to help?
(04:06 / Allies) AugmentedVision: not if you tech with no hero
(04:06 / Allies) mynoob: could easily fight this off
(04:08 / Allies) HalfusWyrm: no cause youre an idiot
(04:12 / Allies) mynoob: dont want to win?
(04:17 / Allies) AugmentedVision: clearly you don't
(04:21 / Allies) mynoob: you would rather just lose?
(04:22 / Allies) AugmentedVision: otherwise you wouldn't have done that.
(04:23 / Allies) HalfusWyrm: notice how we are level 1s?
(04:24 / Allies) mynoob: thats retarded
(04:29 / Allies) AugmentedVision: lol
(04:44 / Allies) mynoob: could easily win this lol
(04:46 / Allies) mynoob: you morons
(04:46 / Allies) HalfusWyrm: lol
(04:54 / Allies) mynoob: so what
(04:54 / All) AugmentedVision: Orange: "you morons"
(05:04 / All) mynoob: kids are morons lol
(05:06 / All) MeetTheSmurfs: People DO scout every once in a while.
(05:07 / All) HalfusWyrm: IRONY LOL
(05:16 / All) MeetTheSmurfs: This is a valid RTS tactic.
(05:18 / All) mynoob: if you guys dont want to try why are you still here?
(05:22 / All) AugmentedVision: why would you want to scout
(05:25 / All) AugmentedVision: if you alreay know where we are
(05:26 / All) mynoob: just leave and start another game if this one is over?
(05:30 / All) MeetTheSmurfs: We plan on it.
(05:33 / All) mynoob: why are you still here if you dont want to play?
(05:40 / All) MeetTheSmurfs: They actually have a better chance of winning this game if you're dead, orange.
(05:45 / All) MeetTheSmurfs: Hence they haven't left.
(05:46 / All) mynoob: lol right
(05:59 / All) mynoob: thats what i should have assumed you would say
(06:02 / All) mynoob: fucking morons
(06:04 / All) mynoob: all of you
(06:06 / All) MeetTheSmurfs: You should have.
(06:10 / All) HalfusWyrm: nice name
(06:12 / All) HalfusWyrm: noob
(06:13 / All) MeetTheSmurfs: You should have also assume that if you teched before getting an altar...
(06:15 / All) MeetTheSmurfs: You would die.
(06:28 / All) AugmentedVision: "why would that happen thats what my allies are for noob moron"
(06:44 / All) AugmentedVision: I can read thoughts via internet
(06:46 / All) AugmentedVision: Isn't it awesome?
(06:53 / All) mynoob: you guys really are dumb lol
(06:57 / All) mynoob: its so damn funny
(07:05 / All) MeetTheSmurfs: ITD BE FUNNY IF IT WASNT SO SAD
(07:06 / All) MeetTheSmurfs: HAR HAR HAR
(07:13 / All) fuk_it: i havenet even made a unit yet
(07:21 / All) Glycine.: its ok just resmurf
(07:23 / All) mynoob: not even one slightly coherent thought between all of you
(07:27 / All) Glycine.: 2-1 isnt the end of the world
(07:28 / Allies) HalfusWyrm: what do they have? I wasnt watching
(07:28 / All) mynoob: seriusly
(07:37 / All) mynoob: have you even had an actual though? any of you?
(07:42 / All) AugmentedVision: lol
(07:43 / All) MeetTheSmurfs: "actual though"
(07:51 / All) MeetTheSmurfs: You're not playing. You don't have to sacrifice typing speed for accuracy.
(07:54 / All) mynoob: or do you all just say the same dumb shit you hear over and over?
(07:57 / All) MeetTheSmurfs: Accuracy for typing speed*
(08:07 / All) MeetTheSmurfs: lol i don't spout random memes
(08:09 / All) MeetTheSmurfs: you're bad
(08:10 / All) MeetTheSmurfs: rofl
(08:11 / All) MeetTheSmurfs: get owned
(08:12 / All) MeetTheSmurfs: qq
(08:13 / All) MeetTheSmurfs: more
(08:17 / All) mynoob: LOL dude why are you correcting me
(08:22 / All) mynoob: you type just as bad or worse
(08:26 / All) mynoob: so damn funny
(08:31 / All) MeetTheSmurfs: right
(08:33 / All) MeetTheSmurfs: qq more
(08:44 / All) mynoob: since you can't argue my point you pretend that typos matter
(08:54 / All) MeetTheSmurfs: Dumb people suck at typing.
(08:58 / All) MeetTheSmurfs: Prove me wrong.
(09:14 / All) mynoob: i can agree with that statement
(09:33 / All) mynoob: that doesnt mean all smart people are good at typing though, does it?
(09:37 / Allies) HalfusWyrm: pit lard eh
(09:42 / All) MeetTheSmurfs: I'm smart and I'm good at typing.
(09:44 / All) MeetTheSmurfs: I'm the sample size here.
(09:44 / All) mynoob: i guess you think we should just assume it does?
(09:46 / All) MeetTheSmurfs: You're the guy who died.
(09:47 / All) MeetTheSmurfs: Shush.
(10:09 / All) mynoob: um, you corrected my typing and in your correction you had typos
(10:18 / All) MeetTheSmurfs: I'm allowed to do that because I'm good at the game.
(10:19 / Allies) mynoob: you then corrected your own typos after correcting mine
(10:20 / All) MeetTheSmurfs: You're in Bronze League.
(10:23 / All) MeetTheSmurfs: That's the way Random Team works.
(10:38 / All) mynoob: you then corrected your own typos after correcting mine
(10:43 / All) MeetTheSmurfs: Yeah, because I can do that.
(10:45 / All) mynoob: do you not see how ironic that is?
(10:49 / All) AugmentedVision: lol
(10:51 / All) MeetTheSmurfs: No, because I knew I made an error.
(10:52 / All) MeetTheSmurfs: You didn't.
(10:59 / All) mynoob: it made me laugh in real life
(11:04 / All) MeetTheSmurfs: WARCRAFT III RANDOM TEAM
(11:05 / All) MeetTheSmurfs: ON
(11:05 / All) MeetTheSmurfs: T
(11:07 / All) MeetTheSmurfs: VVVVVVVVV
(11:10 / All) AugmentedVision: lool
(11:12 / All) AugmentedVision: i'd watch that
(11:40 / All) mynoob: so now you assume that you can tell if i misspelled somthing out of error or ignorence?
(11:46 / All) AugmentedVision: LOL
(11:50 / All) MeetTheSmurfs: When you're in a hole, stop digging.
(12:20 / All) MeetTheSmurfs: Thanks.
(12:21 / All) mynoob: so you cant understand what people are trying to say unless its spelled perfectly, is that what your point is?
(12:38 / All) MeetTheSmurfs: I don't even know what I'm saying anymore because I have no idea what your point is.
(12:44 / All) mynoob: because i never said it mattered if you could type or spell or any of that crap, you were the one that said it mattered
(12:48 / All) Glycine.: hes on a higher round man
(12:50 / All) mynoob: my point is that you are a moron
(13:01 / All) mynoob: and you will say pretty much anything to pretend you are right
(13:06 / All) MeetTheSmurfs: one sec microing
(13:08 / All) mynoob: no matter how little sense it makes
(13:18 / All) AugmentedVision: oh shit
(13:22 / All) AugmentedVision: MUH BASWSE
(13:25 / All) mynoob: because you dont even bother thinking about if it contradicts what you said before or not
(13:36 / All) MeetTheSmurfs: I'm going to just tell you what the girl in ninth grade told me.
(13:39 / All) MeetTheSmurfs: SHUT UP YOU'RE UGLY
(13:39 / All) mynoob: because well, thats how we are taught
(13:41 / All) MeetTheSmurfs: SHUT UP YOU'RE UGLY
(13:42 / All) AugmentedVision: lol
(13:44 / All) MeetTheSmurfs: SHUT UP YOU'RE UGLY
(13:44 / All) AugmentedVision: gg